AoeStats
← ltjhoward

Arena

508475339Analyzed
3v3 RM · 10d ago on Sep 22, 2026· 80m 35s· 6 players
Game mode
Random Map
Map size
Normal (6 player)
Population
200
Speed
Normal
Resources
Standard
Victory
Conquest
Starting age
Dark Age
Ending age
Imperial Age
RankedLock teamsTeams togetherTeam positionsShared explorationLock speedFull tech treeHidden civsTurbo modeCheats
Victory
Defeat
🇸🇰 Teutons · Slovakia
954
+16
🇸🇰 Franks · Slovakia
947
+17
🇳🇱 Chinese · Netherlands
943
+17
🇺🇸 Vietnamese · United States
1019
-19
🇺🇸 Franks · United States
997
-18
🇺🇸 Bohemians · United States
867
-13
Anaiah
2:40 Loom
10:25 Feudal Age
16:54 Castle Age
16:00 Double-Bit Axe
16:34 Stone Mining
19:05 Husbandry
19:08 Gold Mining
22:48 Pikeman
22:58 Pikeman
27:20 Scale Mail Armor
29:05 Chain Mail Armor
34:13 Imperial Age
32:53 Bow Saw
34:32 Wheelbarrow
34:41 Forging
35:29 Gold Shaft Mining
36:30 Chemistry
35:31 Murder Holes
36:07 Scale Barding Armor
35:42 Cavalier
38:49 Hoardings
37:56 Halberdier
38:27 Paladin
40:09 Iron Casting
41:12 Ballistics
41:14 Chain Barding Armor
42:17 Halberdier
44:17 Squires
58:01 Light Cavalry
66:28 Hand Cart
72:02 Blast Furnace
71:27 Caravan
73:13 Plate Barding Armor
81:24 Plate Mail Armor
teatrex
2:44 Loom
12:36 Feudal Age
14:53 Wheelbarrow
17:29 Castle Age
15:46 Double-Bit Axe
15:57 Horse Collar
17:35 Forging
17:33 Scale Barding Armor
17:26 Gold Mining
19:10 Bloodlines
19:26 Bow Saw
20:46 Hand Cart
21:01 Heavy Plow
28:38 Imperial Age
26:24 Fortified Wall
28:00 Scale Mail Armor
28:36 Iron Casting
27:56 Man-at-Arms
28:21 Gambesons
28:51 Long Swordsman
30:22 Chain Mail Armor
30:13 Two-Handed Swordsman
31:47 Champion
34:28 Blast Furnace
36:27 Plate Mail Armor
35:21 Capped Ram
37:18 Ironclad
38:47 Conscription
49:01 Two-Man Saw
50:42 Crop Rotation
51:52 Chain Barding Armor
52:02 Siege Engineers
65:27 Cavalier
67:05 Pikeman
67:46 Squires
67:32 Arson
69:52 Plate Barding Armor
68:52 Paladin
70:39 Caravan
75:23 Halberdier
MonsieurDean
1:04 Loom
12:39 Feudal Age
13:34 Horse Collar
17:27 Castle Age
21:06 Heavy Plow
25:39 Caravan
30:12 Imperial Age
30:59 Fletching
31:09 Padded Archer Armor
33:50 Chemistry
34:47 Capped Ram
36:15 Bodkin Arrow
36:36 Leather Archer Armor
36:44 Ballistics
36:35 Masonry
36:22 Murder Holes
36:58 Thumb Ring
36:59 Bracer
37:47 Caravan
38:41 Wheelbarrow
37:31 Elite Skirmisher
38:28 Siege Ram
42:34 Hand Cart
42:51 Ring Archer Armor
41:44 Elite Chu Ko Nu
48:24 Heavy Rocket Cart
59:05 Double-Bit Axe
62:30 Bow Saw
68:17 Pikeman
72:12 Halberdier
72:55 Scale Mail Armor
73:05 Forging
ltjhoward
11:12 Feudal Age
13:00 Horse Collar
13:07 Double-Bit Axe
15:24 Castle Age
14:10 Gold Mining
14:11 Stone Mining
14:40 Loom
15:17 Town Watch
16:32 Heavy Plow
18:33 Bow Saw
28:15 Imperial Age
26:22 Ballistics
26:18 Fletching
26:31 Padded Archer Armor
26:47 Squires
27:02 Forging
26:53 Scale Mail Armor
27:19 Masonry
27:50 Bodkin Arrow
28:58 Wheelbarrow
30:26 Chemistry
31:32 Bracer
31:48 Leather Archer Armor
31:58 Chain Mail Armor
32:19 Iron Casting
32:42 Siege Engineers
34:20 Ring Archer Armor
35:08 Elite Fire Lancer
36:23 Plate Mail Armor
36:59 Arson
39:24 Paper Money
39:40 Hoardings
42:34 Murder Holes
43:09 Elite Rattan Archer
46:21 Two-Man Saw
45:58 Crop Rotation
50:44 Guard Tower
54:53 Scale Barding Armor
55:48 Guilds
58:43 Fortified Wall
59:40 Pikeman
66:14 Bloodlines
66:06 Husbandry
65:27 Light Cavalry
69:04 Chain Barding Armor
72:03 Elite Battle Elephant
76:44 Chatras
78:25 Thumb Ring
78:11 Halberdier
PurpleHippo007
12:03 Feudal Age
14:57 Scale Mail Armor
15:07 Forging
17:20 Castle Age
15:23 Scale Mail Armor
15:35 Forging
16:47 Padded Archer Armor
16:38 Fletching
21:03 Pikeman
27:54 Chemistry
27:15 Ballistics
31:41 Wheelbarrow
33:54 Imperial Age
33:11 Leather Archer Armor
41:18 Hand Cart
40:49 Loom
65:07 Chain Mail Armor
64:53 Bodkin Arrow
GooglyFi
11:34 Feudal Age
15:45 Castle Age
13:58 Stone Mining
13:59 Gold Mining
14:00 Double-Bit Axe
15:39 Scale Mail Armor
15:51 Forging
15:39 Loom
26:56 Pikeman
28:54 Murder Holes
32:09 Imperial Age
34:00 Wheelbarrow
34:56 Chemistry
34:07 Fortified Wall
34:33 Conscription
34:58 Bow Saw
35:09 Husbandry
35:50 Squires
36:12 Halberdier
39:25 Cavalier
41:40 Paladin
47:21 Scale Barding Armor
49:16 Elite Skirmisher
55:42 Imperial Skirmisher
64:23 Caravan
65:10 Light Cavalry
67:14 Chain Barding Armor
67:29 Iron Casting
71:02 Plate Barding Armor
71:28 Blast Furnace
Connection lost

Rejoining the realm…

Still unreachable

The connection could not be restored.

Session expired

The server has moved on; the page needs a fresh start.